 Dungeon Crawl Stone Soup version 0.22-a0-558-gc2241811a9 (webtiles) character file.

32129 MirrMurr the Unseen (level 13, -41/65 HPs)
             Began as a Spriggan Enchanter on June 25, 2018.
             Was the Champion of Okawaru.
             Killed from afar by a fire dragon (50 damage)
             ... with a blast of flame
             ... on level 5 of the Lair of Beasts on June 26, 2018.
             The game lasted 01:02:08 (21571 turns).

MirrMurr the Unseen (Spriggan Enchanter)           Turns: 21571, Time: 01:02:08

Health: -41/65     AC:  5    Str:  6 (8)  XL:     13   Next: 29%
Magic:  32/32      EV: 33    Int: 18 (20) God:    Okawaru [******]
Gold:   975        SH:  7    Dex: 14 (17) Spells: 13/24 levels left

rFire    . . .     SeeInvis +   a - +1 dagger (venom)
rCold    + . .     Gourm    .   D - +0 buckler
rNeg     . . .     Faith    .   Q - +2 robe {rC+}
rPois    .         Spirit   .   J - +0 hat {Int+3}
rElec    .         Reflect  .   M - +0 cloak
rCorr    .         Harm     .   (gloves unavailable)
MR       ++...                  (boots unavailable)
Stlth    ++++++....             (no amulet)
HPRegen  0.20/turn              s - +4 ring of evasion
MPRegen  0.23/turn              U - ring of magical power

@: very slightly contaminated, invisible, very quick
A: very small, unfitting armour, see invisible, herbivore, speed 3, slow
metabolism 2
a: Heroism, Finesse, Renounce Religion


You were on level 5 of the Lair of Beasts.
You worshipped Okawaru.
Okawaru was exalted by your worship.
You were hungry.

You visited 3 branches of the dungeon, and saw 16 of its levels.
You also visited: Sewer.

You collected 975 gold pieces.

Inventory:

Hand Weapons
 a - a +1 dagger of venom (weapon)
 b - a +0 hunting sling
 q - a +0 blowgun
 w - a +4 dagger
 E - a +0 lajatang {LOL}
 F - a +0 fustibalus
 I - a +2 scimitar of flaming
Missiles
 g - 568 stones (quivered)
 j - 85 poisoned needles
 l - 100 bolts
 o - 142 sling bullets
 y - 9 curare-tipped needles
 H - 12 tomahawks
 T - 2 throwing nets {!f}
Armour
 D - a +0 buckler (worn)
 J - a +0 hat of intelligence (worn)
 M - a +0 cloak (worn)
 Q - a +2 robe of cold resistance (worn)
Magical Staves
 G - an uncursed staff of cold
Jewellery
 i - an uncursed ring of wizardry
 p - an uncursed ring of resist corrosion
 s - a +4 ring of evasion (left hand)
 t - an uncursed ring of ice
 A - an uncursed ring of positive energy
 C - an uncursed ring of protection from magic
 U - a ring of magical power (right hand)
Wands
 d - a wand of digging (14)
 n - a wand of polymorph (17)
 u - a wand of scattershot (5)
 L - a wand of clouds (6)
 W - a wand of iceblast (6)
Scrolls
 h - 3 scrolls of magic mapping
 k - 6 scrolls of teleportation
 r - 2 scrolls of remove curse
 x - 3 scrolls of blinking
 S - a scroll of fog
 V - a scroll of fear
Potions
 e - 7 potions of curing
 f - 5 potions of brilliance
 m - 5 potions of might
 v - 2 potions of lignification
 z - a potion of magic
 B - 2 potions of haste
 K - 2 potions of heal wounds
 O - 2 potions of agility
 P - 2 potions of flight
Comestibles
 c - 20 rations


   Skills:
 - Level 6.0 Fighting
 - Level 10.0 Short Blades
 - Level 15.0 Dodging
 - Level 15.0 Stealth
 + Level 5.1 Shields
 - Level 6.0 Spellcasting
 - Level 10.0 Hexes
 + Level 7.5 Invocations


You had 13 spell levels left.
You knew the following spells:

 Your Spells              Type           Power        Failure   Level  Hunger
a - Ensorcelled Hibernat  Hex/Ice        ###...       2%          2    None
b - Confuse               Hex            #####...     1%          3    ##.....
c - Tukima's Dance        Hex            #####...     1%          3    ##.....
d - Dazzling Spray        Conj/Hex       ###...       5%          3    ##.....

Your spell library contained the following spells:

 Spells                   Type           Power        Failure   Level  Hunger
 Throw Frost              Conj/Ice       #.....       21%         2    None
 Freeze                   Ice            #...         14%         1    None
 Summon Ice Beast         Ice/Summ       #.......     80%         4    ####...
 Ozocubu's Armour         Chrm/Ice       #.......     38%         3    ##.....
 Spider Form              Tmut/Pois      #.........   38%         3    ##.....
 Blade Hands              Tmut           #.........   98%         5    #####..
 Ice Form                 Ice/Tmut       #.......     80%         4    ####...
 Throw Icicle             Conj/Ice       #.......     80%         4    ####...
 Sticks to Snakes         Tmut           #.......     21%         2    None
 Corona                   Hex            #####..      1%          1    None
 Beastly Appendage        Tmut           #.....       14%         1    None


Dungeon Overview and Level Annotations

Branches:
Dungeon (10/15)            Temple (1/1) D:7            Lair (5/6) D:10
 Shoals (0/4) Lair:3       Spider (0/4) Lair:4          Orc (0/2) D:10
  Slime: Lair:5-6

Altars:
Ashenzari
Cheibriados
Dithmenos
Elyvilon
Fedhas
Gozag
Hepliaklqana
Kikubaaqudgha
Makhleb
Nemelex Xobeh
Okawaru
Qazlal
Ru
Sif Muna
Trog
Uskayaw
Vehumet
Wu Jian
Xom
Yredelemnul
Zin
The Shining One

Shops:
D:9 =

Annotations:
D:7 3 runed doors ice ice baby, Deemzul's ghost, novice OpTm
D:8 3 runed doors, loom's ghost, novice DrTm
Lair:1 exclusion: oklob plant


Innate Abilities, Weirdness & Mutations

You are very small and have problems with some larger weapons.
You are too small for most types of armour.
You have supernaturally acute eyesight. (SInv)
You are a herbivore.
You cover ground extremely quickly.
You need to consume almost no food.


Message History

The fire dragon is severely wounded.
The fire dragon completely misses you. The fire dragon closely misses you.
The fire dragon completely misses you.
You hit the fire dragon but do no damage.
The fire dragon is severely wounded.
You hit the fire dragon but do no damage.
The fire dragon looks as sick as possible!
The fire dragon is severely wounded.
The fire dragon completely misses you. The fire dragon misses you.
The fire dragon tramples you!
* * * LOW HITPOINT WARNING * * *
You hold your ground!
You hit the fire dragon but do no damage.
The fire dragon is severely wounded.
You hit the fire dragon but do no damage.
The fire dragon is severely wounded.
The fire dragon breathes flames at you. The blast of flame hits you!
Ouch! That really hurt!
You die...

#### #.#####.... #≈≈≈##
#....##.... §≈§≈≈≈
####.##.... ≈≈≈§≈≈######
##.##.... §≈§§§§≈≈...####
#..##.... ≈≈≈§b§≈.......##
######.###....
≈§≈§§≈........#####......#
#....
≈E§§b≈≈.........D...######
#....
≈$$§§§≈........@#####
##P.. $$$..§§≈......###
##.# $?..§§≈≈≈....## #..
?....≈§≈§..### ###
#####§§§#### #####


You could see a fire dragon.

Vanquished Creatures
  Gastronok (Lair:1)
  A dire elephant (Lair:4)
  Fannar (Lair:1)
  2 hydras
  Harold (Lair:3)
  Erica (D:8)
  A deep elf mage (D:8)
  A merfolk siren (Lair:3)
  A guardian serpent (D:9)
  21 elephants
  A torpor snail (Lair:4)
  5 spiny frogs
  2 rime drakes
  4 komodo dragons
  A merfolk (Lair:3)
  2 hippogriffs
  2 dream sheep (D:9)
  A wraith (D:10)
  A spriggan (Lair:4)
  2 basilisks (D:10)
  A wyvern (D:10)
  23 yaks
  2 fire bats (Lair:5)
  Edmund (D:5)
  Menkaure (D:5)
  11 water moccasins
  8 porcupines
  A swamp drake (D:10)
  2 ice beasts
  An orc warrior (D:10)
  5 black bears
  A hornet zombie (D:8)
  A necrophage (D:7)
  A phantom (D:6)
  A sky beast (D:6)
  9 ogres
  2 centaurs
  14 wolves
  4 crocodiles
  2 big kobolds (D:9)
  Blork the orc (D:6)
  13 bullfrogs
  2 scorpions
  A wyvern skeleton (D:10)
  11 killer bees
  4 howler monkeys
  A wight (D:9)
  2 electric eels (Lair:3)
  2 bullfrog zombies
  2 crimson imps
  4 hounds
  2 quasits (D:10)
  3 centaur zombies
  6 orc priests
  16 orc wizards
  A bullfrog skeleton (D:4)
  Terence (D:2)
  An iguana (D:7)
  7 worker ants
  5 hound skeletons
  12 adders
  5 gnolls
  A howler monkey skeleton (D:6)
  2 worker ant zombies (D:6)
  5 shadow imps
  3 oozes
  An adder skeleton (D:6)
  4 dart slugs
  3 leopard geckos
  36 orcs
  5 ball pythons
  12 bats
  8 giant cockroaches
  8 goblins
  8 hobgoblins
  11 jackals
  8 quokkas
  7 frilled lizards
  18 kobolds
  A leopard gecko skeleton (D:7)
  A leopard gecko zombie (D:5)
  A quokka skeleton (D:7)
  11 rats
  2 plants (Sewer)
401 creatures vanquished.

Vanquished Creatures (collateral kills)
  3 wights (D:9)
  2 gnolls (D:9)
5 creatures vanquished.

Vanquished Creatures (others)
  A worm (D:3)
  76 fungi (Lair:4)
  20 plants
97 creatures vanquished.

Grand Total: 503 creatures vanquished

Notes
Turn   | Place    | Note
-------+----------+-------------------------------------------
     0 | D:1      | MirrMurr the Spriggan Enchanter began the quest for the Orb.
     0 | D:1      | Reached XP level 1. HP: 9/9 MP: 5/5
   390 | D:1      | Reached XP level 2. HP: 12/13 MP: 6/6
   394 | D:1      | Learned a level 2 spell: Ensorcelled Hibernation
   420 | D:1      | Reached skill level 5 in Stealth
  1138 | D:1      | Reached XP level 3. HP: 15/16 MP: 8/8
  1143 | D:1      | Learned a level 3 spell: Confuse
  1706 | D:2      | Reached XP level 4. HP: 21/21 MP: 9/9
  2135 | D:2      | Noticed Terence
  2202 | D:2      | Killed Terence
  2306 | D:2      | Reached XP level 5. HP: 24/24 MP: 10/10
  2825 | D:2      | Learned a level 3 spell: Tukima's Dance
  3332 | D:3      | Found a glowing silver altar of Zin.
  3332 | D:3      | Found an ancient bone altar of Kikubaaqudgha.
  3337 | D:3      | Found a shimmering altar of Xom.
  3339 | D:3      | Found a faded altar of an unknown god.
  3340 | D:3      | Found a faded altar of an unknown god.
  3912 | D:3      | Reached XP level 6. HP: 28/28 MP: 6/11
  4260 | D:3      | Reached skill level 5 in Short Blades
  4511 | D:3      | Found a radiant altar of Vehumet.
  4883 | D:4      | Found a blossoming altar of Fedhas.
  4923 | D:4      | Found a deep blue altar of Sif Muna.
  4997 | D:4      | Found a glowing drain.
  5002 | Sewer    | Entered a sewer
  6470 | D:5      | Entered Level 5 of the Dungeon
  6473 | D:5      | Noticed Menkaure
  6735 | D:5      | Reached skill level 5 in Hexes
  6735 | D:5      | Reached XP level 7. HP: 32/32 MP: 13/13
  7100 | D:5      | Found a burning altar of Makhleb.
  7117 | D:5      | Killed Menkaure
  7122 | D:5      | Learned a level 3 spell: Dazzling Spray
  7287 | D:5      | Noticed a balrug
  7391 | D:5      | Noticed Edmund
  7396 | D:5      | Killed Edmund
  7855 | D:6      | Found a stormy altar of Qazlal.
  7958 | D:6      | Found a blossoming altar of Fedhas.
  7961 | D:6      | Reached XP level 8. HP: 36/36 MP: 15/15
  7961 | D:6      | Noticed Blork the orc
  8030 | D:6      | Reached skill level 1 in Fighting
  8505 | D:6      | Reached skill level 5 in Dodging
  8665 | D:6      | Killed Blork the orc
  9637 | D:7      | Found a staircase to the Ecumenical Temple.
  9637 | D:7      | Noticed a hippogriff
  9948 | D:7      | Reached XP level 9. HP: 44/44 MP: 13/16
 10112 | Temple   | Entered the Ecumenical Temple
 10421 | Temple   | Became a worshipper of Warmaster Okawaru
 10676 | D:7      | Found a runed gate.
 10676 | D:7      | Found a runed gate.
 10676 | D:7      | Found a runed gate.
 10717 | D:7      | Noticed Deemzul's ghost (novice OpTm)
 10836 | D:7      | Reached skill level 10 in Stealth
 10976 | D:7      | Reached * piety under Okawaru
 11405 | D:8      | Found a snail-covered altar of Cheibriados.
 11406 | D:8      | Noticed Erica
 11413 | D:8      | Killed Erica
 11413 | D:8      | Reached ** piety under Okawaru
 11698 | D:8      | Upgraded the game from 0.22-a0-551-g3b2bdd4ba6 to 0.22-a0-558-gc2241811a9
 11826 | D:8      | Found a runed gate.
 11826 | D:8      | Found a runed gate.
 11826 | D:8      | Found a runed gate.
 11857 | D:8      | Noticed a deep elf mage
 11864 | D:8      | Killed a deep elf mage
 11864 | D:8      | Reached XP level 10. HP: 49/49 MP: 10/17
 12015 | D:8      | Found a sparkling altar of Nemelex Xobeh.
 12180 | D:8      | Noticed loom's ghost (novice DrTm)
 12224 | D:9      | Noticed a guardian serpent
 12232 | D:9      | Killed a guardian serpent
 12494 | D:9      | Found Xeir's Jewellery Boutique.
 12692 | D:9      | Reached skill level 5 in Spellcasting
 12706 | D:9      | Reached *** piety under Okawaru
 13123 | D:9      | Noticed a two-headed hydra
 13180 | D:9      | Killed a two-headed hydra
 13255 | D:9      | Reached skill level 10 in Dodging
 13561 | D:9      | Reached **** piety under Okawaru
 14138 | D:9      | Reached skill level 1 in Invocations
 14300 | D:10     | Entered Level 10 of the Dungeon
 14301 | D:10     | Reached XP level 11. HP: 53/53 MP: 21/21
 14373 | D:10     | Found a staircase to the Orcish Mines.
 14588 | D:10     | Found a snail-covered altar of Cheibriados.
 15352 | D:10     | Found a staircase to the Lair.
 15516 | Lair:1   | Entered Level 1 of the Lair of Beasts
 15532 | Lair:1   | Noticed Gastronok
 15552 | Lair:1   | Reached ***** piety under Okawaru
 15759 | Lair:1   | Killed Gastronok
 15759 | Lair:1   | Received a gift from Okawaru
 15759 | Lair:1   | Reached skill level 10 in Hexes
 15876 | Lair:1   | Reached skill level 5 in Fighting
 16061 | Lair:1   | Noticed Fannar
 16068 | Lair:1   | Killed Fannar
 16093 | Lair:1   | Noticed an oklob plant
 16539 | Lair:2   | Reached XP level 12. HP: 60/60 MP: 10/22
 16544 | Lair:2   | Reached skill level 10 in Short Blades
 16544 | Lair:2   | Reached skill level 1 in Shields
 16788 | Lair:2   | Found a labyrinth entrance.
 17096 | Lair:3   | Found a staircase to the Shoals.
 17131 | Lair:3   | Noticed Harold
 17138 | Lair:3   | Killed Harold
 17970 | Lair:4   | Reached ****** piety under Okawaru
 18367 | Lair:4   | Received a gift from Okawaru
 18566 | Lair:4   | Got a colourful robe {god gift}
 18578 | Lair:4   | Identified the +0 robe of Okawaru's Delight {MR+} (Okawaru gifted it to you on level 4 of the Lair of Beasts)
 18727 | Lair:4   | Reached skill level 15 in Stealth
 18792 | Lair:4   | Reached skill level 5 in Invocations
 19078 | Lair:4   | Reached skill level 15 in Dodging
 19201 | Lair:4   | Noticed a dire elephant
 19737 | Lair:4   | Killed a dire elephant
 19737 | Lair:4   | Reached XP level 13. HP: 23/65 MP: 1/23
 20026 | Lair:4   | Found a hole to the Spider Nest.
 21321 | Lair:5   | Reached skill level 5 in Shields
 21527 | Lair:5   | Noticed a fire dragon
 21571 | Lair:5   | Killed from afar by a fire dragon

Vault maps used:
D:1:      dpeg_arrival_arbitrary_b, serial_curves, eino_curves_02,
          eino_curves_03, kennysheep_doodads, minmay_split_cup_small
D:2:      st_stairs_3, uniq_terence
D:3:      chequers_temple_overflow_minitemple, fiery_altar_vehumet
D:4:      old_standard_altar, portal_sewer_entry_e, first_ration, fedhas_altar_4
D:5:      st_stairs_9, makhleb_altar_promises_db, uniq_edmund, uniq_menkaure
D:6:      nicolae_qazlal_general_emergency, minmay_ruined_shrine,
          uniq_blork_the_orc
D:7:      minmay_temple_entry_butterflies, gammafunk_ghost_icy,
          mrwooster_statue_mirror
D:8:      nemelex_xobeh_ov_fountains_minmay, cheibriados_altar_1,
          gammafunk_ghost_spectres, uniq_erica
D:9:      serial_shops, shop, serial_corexii_hall, corexii_hall_statues_l,
          corexii_hall_statues_u, corexii_hall_statues_x, hangedman_ranch,
          nrook_guardian_serpent_ordinary
D:10:     erik_lair_dragon, orc_0_dummy, basic_altar
Temple:   jpeg_temple_clearing
Lair:1:   minmay_lair_oklob_chamber, uniq_gastronok, uniq_fannar
Lair:2:   lab_entry_generic, eino_small_chamber_without_monster
Lair:3:   elwin_shoals_entry_rooms, grunt_megastairs_4, uniq_harold
Lair:4:   mu_elephants_graveyard, dummy_spider_entry, enter_volcano_2,
          lemuel_fruit_tree
Lair:5:   dragon1_lemuel, serial_bayou_pond_d, infiniplex_staircase_pool_2
Sewer:    sewer_co_scattered_pipes

Skill      XL: |  1  2  3  4  5  6  7  8  9 10 11 12 13 |
---------------+----------------------------------------+-----
Stealth        | 5 6 7 8 12 13 14 15 | 15.0
Short Blades   | 2 3 4 5 8 9 10 | 10.0
Hexes          | 5 8 9 10 | 10.0
Spellcasting   | 3 4 6 |  6.0
Fighting       | 3 4 5 6 |  6.0
Dodging        | 8 10 13 15 | 15.0
Invocations    | 1 3 6 7 |  7.5
Shields        | 4 5 |  5.1

Action                   |  1- 3 |  4- 6 |  7- 9 | 10-12 | 13-15 || total
-------------------------+-------+-------+-------+-------+-------++-------
Melee: Dagger            |   152 |   369 |   363 |   545 |    95 ||  1524
       Scimitar          |       |       |    10 |       |       ||    10
       Punch             |       |       |       |     1 |       ||     1
 Fire: Hunting sling     |       |       |       |     1 |       ||     1
 Cast: Corona            |     5 |       |       |       |       ||     5
       Ensorcelled Hiber |    10 |    22 |    76 |   185 |    43 ||   336
       Confuse           |       |     4 |    29 |    41 |     1 ||    75
       Tukima's Dance    |       |       |     1 |     7 |       ||     8
       Dazzling Spray    |       |       |       |    18 |       ||    18
Invok: Heroism           |       |       |       |     4 |       ||     4
       Finesse           |       |       |       |     1 |       ||     1
Evoke: Wand              |       |       |       |     1 |       ||     1
  Use: Scroll            |       |    14 |     5 |     7 |     1 ||    27
       Potion            |       |       |       |     1 |     2 ||     3
 Stab: Sleeping          |    13 |    28 |    42 |   119 |    25 ||   227
       Distracted        |     1 |       |     1 |       |       ||     2
       Confused          |       |     1 |    13 |    24 |       ||    38
       Invisible         |       |       |       |     3 |     2 ||     5
  Eat: Ration            |       |     4 |     5 |     5 |     1 ||    15
Armor: Robe              |    18 |    22 |    23 |    23 |     6 ||    92
Dodge: Dodged            |   160 |   222 |   248 |   497 |    74 ||  1201
Block: Buckler           |       |       |       |    35 |    26 ||    61
       Rpst.: Scimitar   |       |       |     5 |       |       ||     5

Table legend:
 A = Spawn XP
 B = Non-spawn XP
 C = Spawn XP percentage of total XP
 D = Spawn monster count
 E = Non-spawn monster count
 F = Spawn count percentage of total count
 G = Total turns spent on level
                    A         B        C        D         E        F      G
               +---------+---------+-------+---------+---------+-------+---------
         Total |       0 |   45899 |   0.0 |       0 |     404 |   0.0 | 21571
               +---------+---------+-------+---------+---------+-------+---------
           D:1 |       0 |      59 |   0.0 |       0 |      35 |   0.0 |  1486
           D:2 |       0 |     233 |   0.0 |       0 |      27 |   0.0 |  1935
           D:3 |       0 |     195 |   0.0 |       0 |      37 |   0.0 |  1390
           D:4 |       0 |     135 |   0.0 |       0 |       8 |   0.0 |  1523
           D:5 |       0 |     614 |   0.0 |       0 |      16 |   0.0 |   886
           D:6 |       0 |    1488 |   0.0 |       0 |      31 |   0.0 |  2088
           D:7 |       0 |    1314 |   0.0 |       0 |      32 |   0.0 |  1108
           D:8 |       0 |    2081 |   0.0 |       0 |      16 |   0.0 |   836
           D:9 |       0 |    4999 |   0.0 |       0 |      45 |   0.0 |  2119
          D:10 |       0 |    2785 |   0.0 |       0 |      31 |   0.0 |  1298
        Lair:1 |       0 |    5433 |   0.0 |       0 |      14 |   0.0 |   543
        Lair:2 |       0 |    3486 |   0.0 |       0 |      19 |   0.0 |   829
        Lair:3 |       0 |    5632 |   0.0 |       0 |      27 |   0.0 |  1777
        Lair:4 |       0 |   15330 |   0.0 |       0 |      39 |   0.0 |  2337
        Lair:5 |       0 |    2087 |   0.0 |       0 |      10 |   0.0 |   434
         Sewer |       0 |      28 |   0.0 |       0 |      17 |   0.0 |   597
               +---------+---------+-------+---------+---------+-------+---------
